Warning! The script has encountered some errors when parsing the replay. Please report them to the . » details
0x00, prev: 0x16: 16 02 06 00 8A 26 00 00 E2 55 00 00 28 25 00 00 89 86 00 00 6D 26 00 00 B8 86 00 00 71 26 00 00 A4 78 00 00 C6 31 00 00 77 78 00 00 C6 32 00 00 BB 98 00 00 [00] 00 00 00 00 00 00 00 00 00 00 00 00 00 00 00 00 00 00 00 00 00 00 00 00 00 01 11 00 18 01 03 1A 19 6F 6F 66 68 51 26 00 00 C2 97 00 00
0x00, prev: 0x00: 16 02 06 00 8A 26 00 00 E2 55 00 00 28 25 00 00 89 86 00 00 6D 26 00 00 B8 86 00 00 71 26 00 00 A4 78 00 00 C6 31 00 00 77 78 00 00 C6 32 00 00 BB 98 00 00 00 00 00 00 00 00 00 00 00 00 00 00 00 00 00 00 00 00 00 00 00 00 00 00 [00] 00 01 11 00 18 01 03 1A 19 6F 6F 66 68 51 26 00 00 C2 97 00 00
General information
- name: BNet
- type: Ladder 1vs1/FFA
- host: Battle.net
- saver: brucewillisusa
map: TerenasStand
- players: 2
- length: 06:47
- speed: Fast
- version: 1.23 W3XP
- replay type: Public
» download(24 KB)
Players
team 1 (loser)
bizagon2 (
purple | 122 APM | 830 actions | 06:46)
2 Archmage
1 Summon Water Elemental
1 Brilliance Aura
» actions
| Assign group hotkey | 9 | |
| Basic commands | 8 | |
| Build / train | 35 | |
| Enter build submenu | 13 | |
| Enter hero's abilities submenu | 2 | |
| Right click | 255 | |
| Select / deselect | 261 | |
| Select group hotkey | 217 | |
| Use ability | 29 | |
830 total
» units
» upgrades
» buildings
| Altar of Kings | 1 | |
| Barracks | 1 | |
| Farm | 6 | |
| Scout Tower | 3 | |
| Arcane Tower | 3 | |
| Keep | 2 | |
| Blacksmith | 1 | |
| Arcane Vault | 1 | |
18 total
» build order
00:06 Altar of Kings
00:11 Barracks
00:20 Farm
01:02 Farm
01:50 Scout Tower
02:02 Farm
02:18 Arcane Tower
02:38 Farm
03:23 Farm
03:45 Farm
03:49 Keep
04:05 Scout Tower
04:07 Scout Tower
04:36 Arcane Tower
04:37 Arcane Tower
04:50 Blacksmith
05:13 Arcane Vault
» items
team 2 (winner)

»
brucewillisusa (
blue | 77 APM | 526 actions | 06:47)
2 Demon Hunter
1 Mana Burn
1 Evasion
» actions
| Assign group hotkey | 36 | |
| Basic commands | 10 | |
| Build / train | 20 | |
| ESC pressed | 1 | |
| Enter build submenu | 9 | |
| Enter hero's abilities submenu | 2 | |
| Give item / drop item | 1 | |
| Right click | 281 | |
| Select / deselect | 68 | |
| Select group hotkey | 83 | |
| Use ability | 15 | |
526 total
» units
» buildings
| Moon Well | 4 | |
| Altar of Elders | 1 | |
| Hunter's Hall | 1 | |
| Ancient of War | 2 | |
8 total
» build order
00:22 Moon Well
00:31 Altar of Elders
02:01 Hunter's Hall
02:04 Ancient of War
02:05 Ancient of War
02:14 Moon Well
02:48 Moon Well
03:26 Moon Well
» items
Chat log
(06:45 / All) bizagon2: gg